 Dungeon Crawl Stone Soup version 0.19.3 (webtiles) character file.

80768 theAP the Warrior (level 15, 0/105 HPs)
             Began as a Gargoyle Fighter on Jan 24, 2017.
             Was the Champion of Nemelex Xobeh.
             Slain by a shock serpent (4 damage)
             ... on level 1 of the Snake Pit.
             The game lasted 01:36:29 (21497 turns).

theAP the Warrior (Gargoyle Fighter)               Turns: 21497, Time: 01:36:31

Health: 0/105      AC: 35    Str: 16    XL:     15   Next: 68%
Magic:  17/25      EV:  2    Int: 11    God:    Nemelex Xobeh [******]
Gold:   1531       SH:  5    Dex: 11    Spells: 0 memorised, 14 levels left

rFire  + . .     SeeInvis .     J - +2 demon whip (vamp)
rCold  + + +     Gourm    .     c - +1 plate armour {rC+}
rNeg   + . .     Faith    .     A - +1 buckler {reflect}
rPois  ∞         Spirit   .     y - +0 helmet
rElec  +         Reflect  +     r - +0 cloak
rCorr  .         Harm     .     Q - +0 pair of gloves "Ciz Axai" {+Blink Regen+ Str-4}
MR     ++++.                    j - +1 pair of boots {Stlth+}
Stlth  ..........               D - amulet "Jebuthyi" {RegenMP rC+ MR+ Str-4 Dex+2}
                                N - +2 ring of dexterity
                                m - +2 ring of intelligence

@: flying, constricted
A: big wings, molten scales 1, clumsy 1, cold resistance 1, fire resistance 1,
magic resistance 2, negative energy resistance 1, electricity resistance, weak
1, unbreathing, petrification resistance, rot immunity, AC +11
a: Stop Flying, Triple Draw, Deal Four, Stack Five, Renounce Religion, Evoke
Blink


You were on level 1 of the Snake Pit.
You worshipped Nemelex Xobeh.
Nemelex Xobeh was exalted by your worship.
You were not hungry.

You visited 5 branches of the dungeon, and saw 24 of its levels.

You collected 2348 gold pieces.
You spent 817 gold pieces at shops.

Inventory:

Hand Weapons
 J - a +2 vampiric demon whip (weapon)
Armour
 c - a +1 plate armour of cold resistance (worn)
 j - a +1 pair of boots of stealth (worn)
 r - a +0 cloak (worn)
 y - a +0 helmet (worn)
 A - a +1 buckler of reflection (worn)
 Q - the +0 pair of gloves "Ciz Axai" (worn) {+Blink Regen+ Str-4}
   (You found it on level 9 of the Dungeon)

   It affects your strength (-4).
   It lets you blink.
   It increases your rate of regeneration.
Rods
 Y - a +0 rod of inaccuracy (14/14)
   (You found it on level 10 of the Dungeon)
Jewellery
 b - a +5 amulet of reflection
 m - a +2 ring of intelligence (left hand)
 D - the amulet "Jebuthyi" (around neck) {RegenMP rC+ MR+ Str-4 Dex+2}
   (You bought it in a shop on level 2 of the Orcish Mines)

   [amulet of magic regeneration]

   It increases your magic regeneration.
   It affects your strength (-4).
   It affects your dexterity (+2).
   It protects you from cold.
   It affects your resistance to hostile enchantments.
 N - a +2 ring of dexterity (right hand)
Wands
 i - a wand of slowing (13/48)
 o - a wand of paralysis (12/24)
 C - a wand of lightning (11/15)
 M - a wand of digging (12/24)
 P - a wand of disintegration (9/24)
 S - a wand of acid (8/15)
 T - a wand of confusion (23/48)
 U - a wand of hasting (6/9)
Scrolls
 k - 5 scrolls of remove curse
 l - 6 scrolls of magic mapping
 z - a scroll of teleportation
 L - 7 scrolls of recharging
 V - 3 scrolls of blinking
 Z - 2 scrolls of fear
Potions
 d - 3 potions of haste
 q - a potion of curing
 s - 2 potions of resistance
 t - 4 potions of agility
 u - 3 potions of cancellation
 x - 4 potions of might
 B - 3 potions of invisibility
 R - a potion of berserk rage
Books
 G - a book of Flames

   Spells                             Type                      Level
   a - Flame Tongue                   Conjuration/Fire             1
   b - Throw Flame                    Conjuration/Fire             2
   c - Conjure Flame                  Conjuration/Fire             3
   d - Inner Flame                    Hexes/Fire                   3
   e - Sticky Flame                   Conjuration/Fire             4
   f - Fireball                       Conjuration/Fire             5
Miscellaneous
 a - a plain deck of escape {drawn: 2}
 g - a disc of storms
 h - an ornate deck of escape
 p - an ornate deck of destruction
 v - a plain deck of destruction
 w - a phantom mirror
 H - a fan of gales (inert)
 K - a legendary deck of destruction {drawn: 3}
 W - a plain deck of destruction {drawn: 2}
Comestibles
 f - 14 bread rations
 n - 8 meat rations
 I - 2 slices of pizza
 O - 12 fruits
 X - 13 royal jellies


   Skills:
 + Level 16.6 Fighting
 - Level 13.4 Maces & Flails
 + Level 10.4 Armour
 - Level 3.2 Shields
 * Level 14.2 Evocations


You had 14 spell levels left.
You didn't know any spells.

Dungeon Overview and Level Annotations

Branches:
Dungeon (14/15)            Temple (1/1) D:4            Lair (6/6) D:10
  Swamp (0/4) Lair:3        Snake (1/4) Lair:3        Slime (0/5) Lair:6
    Orc (2/2) D:10            Elf (0/3) Orc:2        Vaults (0/5) D:14

Altars:
Ashenzari
Cheibriados
Dithmenos
Elyvilon
Fedhas
Gozag
Hepliaklqana
Kikubaaqudgha
Makhleb
Nemelex Xobeh
Okawaru
Qazlal
Ru
Sif Muna
Trog
Uskayaw
Vehumet
Xom
Yredelemnul
Zin
The Shining One
Beogh

Shops:
D:5 (}%   D:10 :   D:11 (   D:12 [   Orc:2 [*(=


Innate Abilities, Weirdness & Mutations

You are resistant to torment.
Your stone body is resilient. (AC +11)
You are immune to poison.
Your large and strong wings let you fly indefinitely.
You resist negative energy. (rN+)
You are resistant to electric shocks. (rElec)
You can survive without breathing.
You are immune to petrification.
You are immune to rotting.
You are partially covered in molten scales. (AC +2)
You are clumsy. (Dex -2)
Your flesh is cold resistant. (rC+)
Your flesh is heat resistant. (rF+)
You are highly resistant to hostile enchantments. (MR++)
You are weak. (Str -2)


Message History

The naga mage hits you from afar with a halberd!
* * * LOW HITPOINT WARNING * * *
The anaconda bites you.
* * * LOW HITPOINT WARNING * * *
The naga sharpshooter casts a spell.
The naga sharpshooter magically shoots a bolt.
The bolt hits you.
* * * LOW HITPOINT WARNING * * *
The naga hits you but does no damage. The anaconda bites you.
* * * LOW HITPOINT WARNING * * *
The anaconda constricts you.
The anaconda's grasp on you weakens, but your attempt to escape fails.
The black mamba bites you but does no damage.
The anaconda bites you.
* * * LOW HITPOINT WARNING * * *
The shock serpent bites you.
* * * LOW HITPOINT WARNING * * *
The shock serpent shocks you. You resist.
You die...
Your body glows with a rainbow of weird colours and disappears. ## ... ##. .. ####..#.. ....... ....†. ##NSN## ##.NSSN## #.NNS@SS#

..(.NSSSSN.....
....NS8NNSN..##
....>).......#
..#....>..#..#
. ##$...?##N.#
##...## .#
....§ #


You could see 2 naga warriors, 3 naga sharpshooters, 3 anacondas, 2 shock
serpents, 3 mana vipers, 4 black mambas, 5 naga magi and 3 nagas.

Vanquished Creatures
  An orc warlord (Orc:2)
  Erolcha (Orc:1)
  A great orb of eyes (shapeshifter) (D:13)
  Harold (Lair:3)
  8 hydras
  An anaconda (D:12)
  A catoblepas (Lair:6)
  3 centaur warriors
  A death knight (D:10)
  A deep troll shaman (Lair:6)
  6 death yaks (Lair:6)
  4 orc high priests (Orc:2)
  The ghost of dscm the Covert, a novice OpMo of Uskayaw (D:8)
  Nergalle (Lair:2)
  Pikel (D:5)
  2 orc knights (Orc:2)
  3 hill giants
  3 orc sorcerers (Orc:2)
  A manticore (D:11)
  A deep elf mage (D:13)
  2 ugly things (D:14)
  A cyclops (D:13)
  13 elephants
  A torpor snail (Lair:6)
  2 black mambas
  A guardian serpent (Snake:1)
  9 spiny frogs
  7 komodo dragons
  3 freezing wraiths (D:10)
  2 rime drakes (Lair:6)
  A redback zombie (D:13)
  2 queen bees
  A tyrant leech (Lair:3)
  2 hornets
  4 trolls
  2 polar bears
  3 slime creatures (D:11)
  11 dream sheep (Lair:6)
  13 blink frogs
  12 hippogriffs
  A shadow (D:13)
  A vampire (D:13)
  A redback (D:12)
  6 wyverns
  3 basilisks
  36 yaks
  2 vampire mosquitoes (D:13)
  Grum (D:8)
  2 steam dragons
  A hungry ghost (D:11)
  A mottled dragon (D:13)
  2 wargs
  12 water moccasins
  21 porcupines
  30 orc warriors
  5 sky beasts
  3 ice beasts
  A black bear (Lair:6)
  A phantom (D:10)
  12 wolves
  13 ogres
  8 centaurs
  10 crocodiles
  4 big kobolds
  11 bullfrogs
  5 scorpions
  15 killer bees
  A water moccasin skeleton (D:7)
  8 wights (D:9)
  5 howler monkeys
  A centaur zombie (D:5)
  7 bullfrog zombies
  6 crimson imps
  A quasit (D:11)
  11 hounds
  17 jellies
  18 orc priests
  3 centaur skeletons
  14 two-headed ogre zombies (Orc:1)
  A bullfrog skeleton (D:7)
  A hell rat (D:12)
  24 iguanas
  21 orc wizards
  12 worker ants
  A hound zombie (D:5)
  A hound skeleton (D:5)
  Robin (D:3)
  4 gnolls (D:5)
  A river rat (D:10)
  19 adders
  6 shadow imps
  2 oozes (D:2)
  4 worms (D:2)
  An adder skeleton (D:4)
  3 dart slugs
  14 leopard geckos
  79 orcs
  6 giant cockroaches
  14 goblins
  12 hobgoblins
  3 jackals
  24 kobolds
  3 quokkas
  4 ball pythons
  9 bats
  6 frilled lizards
  A leopard gecko skeleton (D:9)
  2 quokka skeletons
  A quokka zombie (D:9)
  9 rats
  A butterfly (Lair:1)
724 creatures vanquished.

Vanquished Creatures (collateral kills)
  Kirke (Lair:4)
  A stone giant (Orc:1)
  A death knight (D:13)
  4 death yaks (Lair:6)
  An unseen horror (D:11)
  An orc knight (Orc:2)
  A hill giant (D:11)
  An ugly thing (D:14)
  10 elephants
  A black mamba (Lair:6)
  2 spiny frogs (Lair:6)
  A troll (Orc:1)
  A meliai (Lair:5)
  2 hornets
  2 slime creatures (D:11)
  A hippogriff (Lair:6)
  A porcupine (Lair:5)
  5 orc warriors (Orc:2)
  A sky beast (D:11)
  An ogre (Orc:2)
  2 bullfrogs (Lair:5)
  10 killer bees (Lair:5)
  A howler monkey (Lair:5)
  4 orc priests (Orc:2)
  5 orc wizards (Orc:2)
  3 worker ants (Lair:5)
  An adder (Lair:5)
  A river rat (Lair:5)
  14 orcs (Orc:2)
  A plant (Lair:6)
81 creatures vanquished.

Vanquished Creatures (others)
  A cyclops (D:13)
  A gargoyle (D:10)
  A human (Lair:4)
  2 orc warriors (Orc:2)
  An orc wizard (Orc:2)
  A ball lightning (D:12)
  An orc (Orc:2)
  A jackal (D:12)
  A kobold (D:12)
  4 fungi
  11 plants
25 creatures vanquished.

Grand Total: 830 creatures vanquished

Notes
Turn   | Place    | Note
-------+----------+-------------------------------------------
     0 | D:1      | theAP the Gargoyle Fighter began the quest for the Orb.
     0 | D:1      | Reached XP level 1. HP: 14/14 MP: 1/1
   385 | D:1      | Reached XP level 2. HP: 16/19 MP: 2/2
   833 | D:1      | Reached XP level 3. HP: 24/24 MP: 3/3
  1281 | D:2      | Reached skill level 4 in Fighting
  1423 | D:2      | Reached XP level 4. HP: 24/29 MP: 4/4
  1578 | D:2      | You fall through a shaft for 2 floors!
  1690 | D:3      | Reached XP level 5. HP: 16/34 MP: 5/5
  2068 | D:3      | Reached skill level 5 in Fighting
  2099 | D:3      | Found a glowing silver altar of Zin.
  2113 | D:3      | Noticed a centaur
  2137 | D:3      | Killed a centaur
  2137 | D:3      | Reached XP level 6. HP: 15/40 MP: 6/6
  2520 | D:3      | Reached skill level 5 in Maces & Flails
  2538 | D:3      | Noticed Robin
  2553 | D:3      | Killed Robin
  3378 | D:4      | Found a staircase to the Ecumenical Temple.
  3389 | Temple   | Entered the Ecumenical Temple
  4486 | D:5      | Entered Level 5 of the Dungeon
  4530 | D:5      | Found Gevezosu's Antique Weapon Boutique.
  4538 | D:5      | Reached skill level 6 in Fighting
  4544 | D:5      | Reached XP level 7. HP: 40/46 MP: 7/7
  4590 | D:5      | Reached skill level 1 in Evocations
  4609 | D:5      | Found a snail-covered altar of Cheibriados.
  4609 | D:5      | Found Qoraez's Gadget Boutique.
  4628 | D:5      | Found Utooll's Food Shoppe.
  4746 | D:5      | Noticed Pikel
  4762 | D:5      | Killed Pikel
  4762 | D:5      | Reached skill level 7 in Fighting
  4762 | D:5      | Reached XP level 8. HP: 51/53 MP: 8/10
  4780 | D:5      | Gained mutation: You are resistant to hostile enchantments. (MR+) [potion of mutation]
  4780 | D:5      | Gained mutation: You have an increased reservoir of magic. (+10% MP) [potion of mutation]
  4780 | D:5      | Gained mutation: You are dopey. (Int -2) [potion of mutation]
  4781 | D:5      | Lost mutation: You are dopey. (Int -2) [potion of mutation]
  4781 | D:5      | Gained mutation: Your flesh is heat resistant. (rF+) [potion of mutation]
  4781 | D:5      | Gained mutation: Your flesh is cold resistant. (rC+) [potion of mutation]
  4782 | D:5      | Gained mutation: You have large cloven feet. [potion of mutation]
  4782 | D:5      | Gained mutation: You are clumsy. (Dex -2) [potion of mutation]
  4782 | D:5      | Gained mutation: You are weak. (Str -2) [potion of mutation]
  5131 | D:6      | Lost mutation: You have an increased reservoir of magic. (+10% MP) [potion of mutation]
  5131 | D:6      | Lost mutation: You have large cloven feet. [potion of mutation]
  5131 | D:6      | Gained mutation: You are highly resistant to hostile enchantments. (MR++) [potion of mutation]
  5465 | D:6      | Reached skill level 8 in Fighting
  5557 | D:6      | Found a sacrificial altar of Ru.
  5657 | D:6      | Found a shimmering altar of Xom.
  5659 | D:6      | Found an iron altar of Okawaru.
  5693 | D:6      | Found a sparkling altar of Nemelex Xobeh.
  5693 | D:6      | Found a hazy altar of Hepliaklqana.
  5695 | D:6      | Found a sacrificial altar of Ru.
  5781 | D:7      | Noticed a hippogriff
  5789 | D:6      | Killed a hippogriff
  5789 | D:6      | Reached XP level 9. HP: 60/60 MP: 12/12
  6002 | D:7      | Reached skill level 5 in Evocations
  6102 | D:6      | Reached skill level 9 in Fighting
  6145 | D:6      | Became a worshipper of Nemelex Xobeh the Trickster
  6690 | D:8      | Reached XP level 10. HP: 61/66 MP: 14/14
  6722 | D:8      | Found a stormy altar of Qazlal.
  6778 | D:8      | Received a gift from Nemelex Xobeh
  6934 | D:8      | Reached skill level 10 in Fighting
  6979 | D:8      | Noticed dscm's ghost (novice OpMo)
  7006 | D:8      | Killed dscm's ghost
  7165 | D:8      | Noticed Grum
  7179 | D:8      | Killed Grum
  7431 | D:9      | Got a pair of spiked gloves
  7442 | D:9      | Identified the +0 pair of gloves "Ciz Axai" {+Blink Regen+ Str-4} (You found it on level 9 of the Dungeon)
  7570 | D:9      | You fall through a shaft for 3 floors!
  7654 | D:11     | Reached skill level 10 in Maces & Flails
  7684 | D:11     | Received a gift from Nemelex Xobeh
  7744 | D:11     | Reached skill level 11 in Fighting
  7787 | D:11     | Reached * piety under Nemelex Xobeh
  7812 | D:11     | Reached XP level 11. HP: 74/74 MP: 16/16
  7838 | D:10     | Entered Level 10 of the Dungeon
  7891 | D:10     | Received a gift from Nemelex Xobeh
  7915 | D:10     | Found Nagywia's Book Shop.
  7968 | D:10     | Noticed a centaur warrior
  7976 | D:10     | Killed a centaur warrior
  7998 | D:10     | Found a staircase to the Orcish Mines.
  8020 | D:10     | Noticed a death knight
  8054 | D:10     | Noticed a phantasmal warrior
  8067 | D:10     | Killed a death knight
  8217 | D:10     | Found a staircase to the Lair.
  8802 | D:10     | Reached skill level 12 in Fighting
  9142 | D:9      | Gained mutation: You are partially covered in molten scales. (AC +2) [potion of beneficial mutation]
  9403 | D:9      | Reached ** piety under Nemelex Xobeh
 10052 | D:10     | Reached XP level 12. HP: 22/82 MP: 17/19
 10180 | D:11     | Found Dilay's Antique Weapon Boutique.
 10210 | D:11     | Noticed a four-headed hydra
 10227 | D:11     | Killed a four-headed hydra
 10415 | D:11     | Received a gift from Nemelex Xobeh
 10456 | D:11     | Noticed a seven-headed hydra
 10474 | D:11     | Killed a seven-headed hydra
 10790 | D:11     | Reached skill level 10 in Evocations
 10792 | D:11     | Reached skill level 13 in Fighting
 11216 | D:12     | Found a roughly hewn altar of Beogh.
 11232 | D:12     | Noticed an anaconda
 11232 | D:12     | an orc changed into an anaconda
 11264 | D:12     | Killed an anaconda
 11395 | D:12     | Reached *** piety under Nemelex Xobeh
 11554 | D:12     | Found Petu's Armour Boutique.
 11882 | D:13     | Noticed a centaur warrior
 11896 | D:13     | Killed a centaur warrior
 11960 | D:13     | Received a gift from Nemelex Xobeh
 11970 | D:13     | Reached XP level 13. HP: 89/89 MP: 19/21
 12200 | D:13     | Found a glowing golden altar of the Shining One.
 12501 | D:13     | Reached skill level 14 in Fighting
 12653 | D:13     | Noticed a great orb of eyes
 12653 | D:13     | an anaconda changed into a great orb of eyes
 12669 | D:13     | Killed a great orb of eyes
 13071 | D:14     | Received a gift from Nemelex Xobeh
 13122 | D:14     | Found a gate to the Vaults.
 13122 | D:14     | Noticed a vault guard
 13122 | D:14     | Noticed a vault guard
 13122 | D:14     | Noticed a vault guard
 13123 | D:14     | Noticed a vault guard
 13255 | D:10     | Reached **** piety under Nemelex Xobeh
 13309 | D:10     | Identified 3 scrolls of acquirement
 13467 | Lair:1   | Entered Level 1 of the Lair of Beasts
 13576 | Lair:1   | Received a gift from Nemelex Xobeh
 13619 | Lair:1   | Found a shadowy altar of Dithmenos.
 13767 | Lair:1   | Received a gift from Nemelex Xobeh
 14207 | Lair:2   | Received a gift from Nemelex Xobeh
 14296 | Lair:2   | Reached ***** piety under Nemelex Xobeh
 14419 | Lair:2   | Noticed Nergalle
 14445 | Lair:2   | Killed Nergalle
 14813 | Lair:2   | Identified a +0 rod of inaccuracy (14/14) (You found it on level 10 of the Dungeon)
 15146 | Lair:3   | Reached skill level 5 in Armour
 15220 | Lair:3   | Found a staircase to the Snake Pit.
 15299 | Lair:3   | Noticed Harold
 15310 | Lair:3   | Killed Harold
 15341 | Lair:3   | Gained mutation: Your large and strong wings let you fly indefinitely. [Gargoyle growth]
 15341 | Lair:3   | Reached XP level 14. HP: 96/96 MP: 21/23
 15470 | Lair:3   | Received a gift from Nemelex Xobeh
 15544 | Lair:3   | Reached skill level 15 in Fighting
 15601 | Lair:3   | Found a staircase to the Swamp.
 15877 | Lair:4   | Received a gift from Nemelex Xobeh
 15953 | Lair:4   | Received a gift from Nemelex Xobeh
 16334 | Lair:4   | Received a gift from Nemelex Xobeh
 16431 | Lair:4   | Noticed Kirke
 16447 | Lair:4   | Killed Kirke
 17241 | Lair:5   | Received a gift from Nemelex Xobeh
 17483 | Lair:5   | Reached ****** piety under Nemelex Xobeh
 17920 | Lair:5   | Received a gift from Nemelex Xobeh
 18204 | Lair:6   | Entered Level 6 of the Lair of Beasts
 18456 | Lair:6   | Received a gift from Nemelex Xobeh
 18526 | Lair:6   | Reached skill level 16 in Fighting
 18584 | Lair:6   | Found a staircase to the Slime Pits.
 18739 | Lair:6   | Reached XP level 15. HP: 104/104 MP: 24/24
 18794 | Lair:6   | Received a gift from Nemelex Xobeh
 19839 | Orc:1    | Entered Level 1 of the Orcish Mines
 20186 | Orc:1    | Noticed Erolcha
 20226 | Orc:1    | Killed Erolcha
 20343 | Orc:2    | Entered Level 2 of the Orcish Mines
 20446 | Orc:2    | Received a gift from Nemelex Xobeh
 20484 | Orc:2    | Found a staircase to the Elven Halls.
 20598 | Orc:2    | Reached skill level 10 in Armour
 20603 | Orc:2    | Noticed an orc warlord
 20761 | Orc:2    | Killed an orc warlord
 21159 | Orc:2    | Found Jumn's General Store.
 21160 | Orc:2    | Found Rayl's Jewellery Emporium.
 21163 | Orc:2    | Found Jauj's Antique Armour Shoppe.
 21163 | Orc:2    | Found Heocs's Antique Weapon Shoppe.
 21250 | Orc:2    | Bought the amulet "Jebuthyi" {RegenMP rC+ MR+ Str-4 Dex+2} for 817 gold pieces
 21486 | Snake:1  | Entered Level 1 of the Snake Pit
 21497 | Snake:1  | HP: 4/105 [shock serpent (2)]
 21497 | Snake:1  | Slain by a shock serpent

Skill      XL: |  1  2  3  4  5  6  7  8  9 10 11 12 13 14 15 |
---------------+----------------------------------------------+-----
Maces & Flails | 3 4 5 6 7 8 10 11 12 13 | 13.4
Fighting       | 4 5 6 7 8 9 11 12 13 14 16 | 16.6
Evocations     | 3 4 6 7 9 10 12 13 14 | 14.2
Armour         | 5 9 10 | 10.4
Shields        | |  3.2

Action                   |  1- 3 |  4- 6 |  7- 9 | 10-12 | 13-15 || total
-------------------------+-------+-------+-------+-------+-------++-------
Melee: Flail             |   146 |   285 |    53 |       |       ||   484
       Whip              |       |       |   313 |  1365 |   310 ||  1988
       Kick              |       |       |    11 |       |       ||    11
       Demon whip        |       |       |       |       |  1636 ||  1636
       Unarmed           |       |       |       |       |    57 ||    57
 Abil: Fly               |       |       |       |       |     1 ||     1
Evoke: Deck              |       |       |       |    29 |    43 ||    72
       Wand              |       |       |       |     4 |    10 ||    14
       Disc of storms    |       |       |       |       |    35 ||    35
       Box of beasts     |       |       |       |       |     1 ||     1
       Phantom mirror    |       |       |       |       |     1 ||     1
       Fan of gales      |       |       |       |       |     1 ||     1
  Use: Scroll            |       |       |    19 |     8 |    25 ||    52
       Potion            |       |       |     6 |    12 |     4 ||    22
 Stab: Paralysed         |       |       |     1 |       |       ||     1
       Petrified         |       |       |       |       |    20 ||    20
       Distracted        |       |       |       |       |     3 ||     3
  Eat: Chunk             |     2 |     7 |     5 |    16 |     9 ||    39
       Fruit             |       |     5 |       |    11 |    18 ||    34
       Beef jerky        |       |       |     1 |     1 |     3 ||     5
Armor: Scale mail        |    66 |   124 |   133 |       |       ||   323
       Chain mail        |       |       |    28 |   556 |       ||   584
       Plate armour      |       |       |       |    42 |  1016 ||  1058
Dodge: Dodged            |    48 |    42 |    55 |   130 |   237 ||   512
Block: Shield            |    73 |     4 |       |   272 |   306 ||   655
       Large shield      |       |   200 |   291 |   366 |       ||   857
       Reflection        |       |       |       |     5 |     6 ||    11
       Buckler           |       |       |       |       |   481 ||   481
